Map: Overgrowth LE (Void)

Players

Musumeci

  • Race: Zerg Zerg
  • League: Diamond
  • Spawn Location: 1:00

MehdiM - Winner!

  • Race: Zerg Zerg
  • League: Diamond
  • Spawn Location: 7:00

VOD

Have the link to the VOD?

Description

Time

  • Played on: Jan. 2, 2017, 8:27 a.m.
  • Length: 5:05
Show
View Real Time Build Order
Export as new Build Order

Musumeci Zerg 

Build Orders: Hatch First 

Get SALT Encoding   

  12  0:01  Drone  
  13  0:08  Drone  
  14  0:21  Overlord  
  14  0:30  Drone, Extractor  
  15  0:39  Drone x2  
  17  0:58  Hatchery  
  17  1:02  Drone  
  17  1:09  Drone, Evolution Chamber  
  17  1:12  Extractor  
  17  1:14  Drone  
  17  1:19  Drone  
  19  1:32  Drone  
  19  1:38  Spawning Pool  
  19  1:39  Drone  
  19  1:48  Drone  
  20  1:59  Drone  
  21  2:10  Drone  
  22  2:16  Drone  
  22  2:20  Overlord  
  23  2:27  Metabolic Boost  
  23  2:28  Queen x2  
  27  2:30  Zergling x2  
  28  2:41  Zergling x4  
  30  2:53  Drone x3  
  30  2:54  Drone  
  34  2:58  Baneling Nest  
  34  3:03  Drone  
  34  3:17  Zergling x4  
  34  3:19  Overlord  
  32  3:36  Zergling x4  
  32  3:37  Zergling x6  
  32  3:40  Zergling x10  
  26  4:05  Zergling x8  
  24  4:13  Zergling x2  
  24  4:14  Zergling x6  
  25  4:27  Baneling  
  25  4:30  Zergling x2  
Show
View Real Time Build Order
Export as new Build Order

MehdiM Zerg - Winner!

Build Orders: Pool First, Zergling Baneling 

Get SALT Encoding   

  12  0:01  Drone  
  13  0:09  Drone  
  14  0:21  Overlord  
  14  0:24  Extractor  
  14  0:25  Drone  
  15  0:40  Drone x2  
  17  0:44  Drone  
  18  0:50  Spawning Pool  
  17  1:00  Extractor  
  16  1:13  Hatchery  
  16  1:16  Drone  
  16  1:21  Drone  
  17  1:27  Drone  
  17  1:29  Drone  
  19  1:40  Queen  
  22  1:47  Zergling x2  
  22  2:13  Overlord  
  22  2:14  Overlord  
  22  2:15  Metabolic Boost  
  22  2:24  Queen  
  22  2:25  Zergling x2  
  22  2:26  Zergling x4  
  27  2:37  Baneling Nest, Zergling x4  
  26  2:52  Drone x3  
  26  2:54  Zergling x4  
  31  3:01  Zergling x2  
  32  3:08  Zergling x4  
  34  3:24  Zergling x2  
  34  3:25  Zergling x2  
  35  3:33  Zergling x2  
  35  3:37  Baneling x2  
  35  3:38  Baneling x3  
  35  3:39  Overlord x2  
  30  4:04  Zergling x2  
  30  4:07  Zergling x10  
  30  4:08  Zergling x2  
  35  4:11  Baneling x3  
  35  4:15  Zergling x8  
  35  4:17  Zergling x2  
  40  4:19  Zergling x2  
  40  4:22  Baneling  
  39  4:27  Zergling x4  
  39  4:44  Baneling  
  38  4:46  Zergling x4  
Tags
 
Add a new tag
Caveats
  • Supply blocks, unpowered buildings, or Contaminate may cause inaccurate times.
  • Supply counts are checked every 10 seconds.